 Dungeon Crawl Stone Soup version 0.29.1-12-g30fa7ad0bf (webtiles) character file.

Game seed: 6765406961466999537

83 Radix the Digger (level 4, -3/24 HPs)
             Began as a Gargoyle Earth Elementalist on Dec 20, 2022.
             Killed from afar by Sigmund (11 damage)
             ... with a magic dart
             ... on level 2 of the Dungeon.
             The game lasted 00:08:52 (1992 turns).

Radix the Digger (Gargoyle Earth Elementalist)      Turns: 1992, Time: 00:08:53

Health: -3/24      AC: 12    Str: 11    XL:     4   Next: 44%
Magic:  5/8        EV: 18    Int: 18    God:
Gold:   121        SH:  0    Dex: 10    Spells: 8/9 levels left

rFire   . . .      SeeInvis .   (weapon currently unavailable)
rCold   . . .      Faith    .   (shield currently unavailable)
rNeg    + + +      Spirit   .   (body armour currently unavailable)
rPois   ∞          Reflect  .   (helmet currently unavailable)
rElec   .          Harm     .   (cloak currently unavailable)
rCorr   .          Rampage  .   (gloves currently unavailable)
Will    .....                   (boots currently unavailable)
Stlth   ++........              (no amulet)
HPRegen 0.08/turn               (no ring)
MPRegen 0.11/turn               (no ring)

@: fungus-form (expiring)
A: melee confuse, terrified, no casting, sickness immunity, AC +3, tiny,
negative energy resistance 1, (electricity resistance), torment resistance 1,
petrification resistance
a: no special abilities


You were on level 2 of the Dungeon.
You were a sentient fungus.
You visited 1 branch of the dungeon, and saw 2 of its levels.

You collected 121 gold pieces.

Inventory:

Hand Weapons
 e - a +0 dagger
 m - a +0 spear (melded)
Armour
 a - a +0 robe
 n - a +1 pair of boots (melded)
 o - a +2 robe of cold resistance (melded)
Scrolls
 c - 5 scrolls of identify
 g - a scroll of fear {unknown}
 h - a scroll of enchant weapon {unknown}
 i - a scroll of vulnerability {unknown}
 j - a scroll of brand weapon {unknown}
 l - a scroll of noise {unknown}
Potions
 b - a potion of magic
 d - a potion of curing {unknown}
 f - 2 potions of attraction
 k - a potion of degeneration {unknown}
 p - 2 potions of lignification {unknown}


   Skills:
 - Level 1.5 Dodging
 - Level 2.1 Stealth
 + Level 3.3 Spellcasting
 - Level 0.7 Transmutations
 + Level 5.0 Earth Magic


You had 8 spell levels left.
You knew the following spells:

 Your Spells              Type           Power      Damage    Failure   Level
a - Sandblast             Erth           42%        2d11      1%          1

Your spell library contained the following spells:

 Spells                   Type           Power      Damage    Failure   Level
 Passwall                 Tmut/Erth      10%        N/A       8%          2
 Stone Arrow              Conj/Erth      24%        3d8       17%         3
 Petrify                  Tmut/Erth      13%        N/A       43%         4


Dungeon Overview and Level Annotations

Branches:
Dungeon (2/15)

Altars:

Annotations:
D:2 Sigmund


Innate Abilities, Weirdness & Mutations

You are a sentient fungus.
You are tiny and evasive.
Your melee attack releases spores that confuse breathing creatures.
You become terrified and freeze when enemies are visible.
Your armour is entirely melded.
You are incapable of wielding weapons or throwing items.
You cannot cast spells.
You are immune to sickness and miasma.
((Your stone body is resilient. (AC +3)))
You are immune to poison.
You resist negative energy. (rN+)
((You are resistant to electric shocks. (rElec)))
You are resistant to unholy torment.
You are immune to petrification.


Message History

Sigmund zaps a wand.
You turn into a sentient fungus.
Your +0 spear melds into your body.
Your +1 pair of boots melds into your body.
Your +2 robe of cold resistance melds into your body.
You feel less resistant to cold.
Things that are here:
a +0 dagger; 2 stones You can't do that in your present form.
You're too terrified to move while being watched!
You're too terrified to move while being watched!
You're too terrified to move while being watched!
You're too terrified to move while being watched!
You're too terrified to move while being watched!
You're too terrified to move while being watched!
You're too terrified to move while being watched!
Sigmund points at you and mumbles some strange words.
The magic dart hits you but does no damage.
You can't do that in your present form.
Sigmund points at you and mumbles some strange words.
The magic dart hits you.
You're too terrified to move while being watched!
Sigmund barely misses you.
As you read the scroll labelled JEMIFUNTESM, it crumbles to dust.
It is a scroll of identify.
f - 2 potions of attraction Sigmund closely misses you.
Sorry, you're not good enough to have a special ability.
You're too terrified to move while being watched!
Your transformation is almost over.
Sigmund casts a spell at you.
The magic dart hits you but does no damage.
Sigmund closely misses you. Sigmund casts a spell at you.
You resist with some effort. Sigmund completely misses you.
Sigmund hits you from afar with a +2 scythe of protection.
Sigmund hits you but does no damage. Sigmund casts a spell at you.
The magic dart hits you!
You die...

#............>......(.##.
#.....######.###########.
#.....# #.# #. ###..##
#.# #. #######..# #.# #.
.........# #.# #.
########.# #.# #.
#.#######.# #####.
#....f....# #.....
###......## #.####
#.#@##.# #.# #.#
########.#.##.########.#
#..
.........#.##..........#
#.#
##########.#############
#.# #.# #.# #.# #.# #.#


You could see Sigmund.

Vanquished Creatures
  Jessica (D:2)
  2 adders (D:2)
  A dart slug (D:1)
  4 endoplasms (D:1)
  2 goblins
  4 hobgoblins
  2 quokkas (D:2)
  6 ball pythons
  4 bats
  3 frilled lizards
  2 kobolds
  8 rats
39 creatures vanquished.

Notes
Turn   | Place    | Note
-------+----------+-------------------------------------------
     0 | D:1      | Radix the Gargoyle Earth Elementalist began the quest for
                  | the Orb.
     0 | D:1      | Reached XP level 1. HP: 10/10 MP: 3/3
   328 | D:1      | Reached XP level 2. HP: 11/15 MP: 0/5
   332 | D:1      | Reached skill level 4 in Earth Magic
   918 | D:1      | Reached XP level 3. HP: 19/19 MP: 4/6
  1108 | D:1      | Found a faded altar of an unknown god.
  1782 | D:2      | Reached XP level 4. HP: 24/24 MP: 6/8
  1800 | D:2      | Noticed Jessica
  1817 | D:2      | Killed Jessica
  1818 | D:2      | Reached skill level 5 in Earth Magic
  1925 | D:2      | Noticed Sigmund
  1992 | D:2      | Killed from afar by Sigmund

Illustrated notes

Levels and vault maps discovered:
D:1:      dpeg_arrival_ratfight, layout_loops_ring,
          shapermc_ecumenical_altar_starsandcircs, kennysheep_pointless_box
D:2:      layout_loops_ring, uniq_jessica, uniq_sigmund

Skill      XL: |  1  2  3  4 |
---------------+-------------+-----
Earth Magic    | 4 5 |  5.0
Spellcasting   | 3 |  3.3
Dodging        | |  1.5
Stealth        | |  2.1
Transmutations | |  0.7

Action                   |  1- 3 |  4- 6 || total
-------------------------+-------+-------++-------
Melee: Dagger            |     7 |       ||     7
 Cast: Sandblast         |    50 |    10 ||    60
  Use: Scroll            |       |     1 ||     1
Armor: Robe              |     8 |     5 ||    13
       Skin              |       |     3 ||     3
Dodge: Dodged            |    12 |     6 ||    18
